 Seeded DCSS version 0.30-a0-365-ge7f957f1db (webtiles) character file.

Game seed: 6296361568308551635 (custom seed)

3 valliere the Stinger (level 1, -1/11 HPs)
             Began as an Octopode Venom Mage on Nov 16, 2022.
             Slain by a quokka (2 damage)
             ... on level 1 of the Dungeon.
             The game lasted 00:00:44 (177 turns).

valliere the Stinger (Octopode Venom Mage)           Turns: 177, Time: 00:00:44

Health: -1/11      AC:  1    Str:  7    XL:     1   Next: 50%
Magic:  0/3        EV: 13    Int: 17    God:
Gold:   0          SH:  0    Dex: 12    Spells: 3/4 levels left

rFire   . . .      SeeInvis .    (no weapon)
rCold   . . .      Faith    .    (no shield)
rNeg    . . .      Spirit   .    (helmet restricted)
rPois   .          Reflect  .    (no amulet)
rElec   .          Harm     .    (no ring)
rCorr   .          Rampage  .    (no ring)
Will    .....                    (no ring)
Stlth   +++.......               (no ring)
HPRegen 0.21/turn                (no ring)
MPRegen 0.08/turn                (no ring)
                                 (no ring)
                                 (no ring)

@: no status effects
A: almost no armour, amphibious, 8 rings, camouflage 1, gelatinous body 1,
(nimble swimmer 1), tentacles
a: no special abilities


You were on level 1 of the Dungeon.
You visited 1 branch of the dungeon, and saw 1 of its levels.

Inventory:

Scrolls
 c - a scroll of magic mapping {unknown}
Potions
 a - a potion of magic
 b - a potion of mutation {unknown}


   Skills:
 + Level 0.2 Fighting
 + Level 2.0 Dodging
 + Level 2.8 Stealth
 - Level 2.0 Spellcasting
 + Level 1.1 Transmutations
 + Level 3.7 Poison Magic


You had 3 spell levels left.
You knew the following spells:

 Your Spells              Type           Power      Damage    Failure   Level
a - Sting                 Tmut/Pois      36%        1d4       8%          1

Your spell library contained the following spells:

 Spells                   Type           Power      Damage    Failure   Level
 Poisonous Vapours        Pois/Air       14%        N/A       14%         2
 Mephitic Cloud           Conj/Pois/Air  5%         N/A       34%         3
 Olgreb's Toxic Radiance  Pois           14%        N/A       38%         4


Dungeon Overview and Level Annotations

Branches:
Dungeon (1/15)

Altars:


Innate Abilities, Weirdness & Mutations

You cannot wear most types of armour.
You are amphibious.
You can wear up to eight rings at the same time.
Your skin changes colour to match your surroundings (Stealth+).
Your rubbery body absorbs attacks. (AC +1, EV +1)
((You are camouflaged when in or above water. (Stealth+)))
You have tentacles for arms and can constrict up to eight enemies at once.


Message History

You kill the ball python!
c - a scroll labelled JYLAIS YVOMM A bat comes into view.
A quokka comes into view.
The bat hits you but does no damage.
You miscast Sting.
You are very lightly contaminated with residual magic.
Nothing appears to happen.
The bat completely misses you. The bat hits you.
The sting hits the bat.
The bat is poisoned.
The bat is severely wounded.
You kill the bat!
The quokka bites you.
The sting misses the quokka.
The quokka barely misses you.
You are out of magic!
You tentacle-slap the quokka. You grab the quokka.
The quokka is lightly wounded.
You constrict the quokka. The quokka bites you.
You tentacle-slap the quokka but do no damage.
The quokka is heavily wounded.
You constrict the quokka, but do no damage.
The quokka closely misses you.
Your magical contamination has completely faded away.
You tentacle-slap the quokka but do no damage.
The quokka is heavily wounded.
You constrict the quokka, but do no damage.
The quokka closely misses you.
You barely miss the quokka. Your squeeze misses the quokka.
The quokka is heavily wounded.
You constrict the quokka. The quokka barely misses you.
The quokka closely misses you.
You tentacle-slap the quokka.
The quokka is almost dead.
You constrict the quokka, but do no damage.
The quokka bites you.
* * * LOW HITPOINT WARNING * * *
You completely miss the quokka.
The quokka is almost dead.
You constrict the quokka, but do no damage.
The quokka bites you.
You die...

#### ##.####..... .
.#######..####..... ..
.........#.....###....
.######....#######....
...######..#######......
.....†.............##.#
########..####........#
..........##..†.#...
##.#########@...## #.
#.r..## . ...#.## #.
....#### # ...#.# #. ##
#


You could see a quokka.

Vanquished Creatures
  A ball python (D:1)
  2 bats (D:1)
  A kobold (D:1)
4 creatures vanquished.

Notes
Turn   | Place    | Note
-------+----------+-------------------------------------------
     0 | D:1      | valliere the Octopode Venom Mage began the quest for the
                  | Orb.
     0 | D:1      | Reached XP level 1. HP: 11/11 MP: 3/3
   177 | D:1      | Slain by a quokka

Illustrated notes

Levels and vault maps discovered:
D:1:      nicolae_arrival_memento_mori, layout_rooms,
          dreamdust_ecumenical_altar_angels_and_demons,
          nicolae_shop_unique_rings, nicolae_figureground_pulse

Action                   || total
-------------------------++-------
Melee: Unarmed           ||     6
       Constrict         ||     1
 Cast: Sting             ||     9
Armor: Skin              ||     2
Dodge: Dodged            ||     7

Table legend: (Time is in decaauts)
 A = Elapsed time spent in this place.
 B = Non-inter-level travel time spent in this place.
 C = Inter-level travel time spent in this place.
 D = Time resting spent in this place.
 E = Time spent auto-exploring this place.
 F = Levels seen in this place.
 G = Mean time per level.
                   A        B        C        D        E       F      G
               +--------+--------+--------+--------+--------+-----+--------+
         Total |    177 |    177 |      0 |      0 |    141 |   1 |  177.0 |
       Dungeon |    177 |    177 |      0 |      0 |    141 |   1 |  177.0 |
               +--------+--------+--------+--------+--------+-----+--------+

Top non-repeatable levels by time:
     D:1: 177 daAuts
